 Dungeon Crawl Stone Soup version 0.26-a0-639-g72c4674329 (webtiles) character file.

Game seed: 8837697638416874658

2538 Flugslaktarn the Fighter (level 9, -9/74 HPs)
             Began as a Formicid Fighter on Sept 21, 2020.
             Was a Believer of Makhleb.
             Mangled by a sun demon (18 damage)
             ... summoned by a kobold demonologist
             ... on level 11 of the Dungeon.
             The game lasted 00:03:33 (6231 turns).

Flugslaktarn the Fighter (Formicid Fighter)         Turns: 6231, Time: 00:03:34

Health: -9/74      AC: 12    Str: 23    XL:     9   Next: 85%
Magic:  12/12      EV:  4    Int:  9    God:    Makhleb [**....]
Gold:   406        SH: 16    Dex: 10    Spells: 8/8 levels left

rFire    + . .     SeeInvis +   a - +1 war axe
rCold    . . .     Faith    +   n - +0 tower shield
rNeg     . . .     Spirit   .   k - +0 plate armour
rPois    .         Reflect  .   (helmet unavailable)
rElec    .         Harm     .   (no cloak)
rCorr    .         Rampage  .   (no gloves)
MR       .....                  (no boots)
Stlth    ..........             g - amulet of faith
HPRegen  0.22/turn              (no ring)
MPRegen  0.13/turn              f - ring of protection from fire

@: lethally poisoned (-9 -> -11), very slightly contaminated, invisible
A: permanent stasis, dig shafts and tunnels, four strong arms, antennae 3
a: Dig, Shaft Self, Minor Destruction, Renounce Religion


You were on level 11 of the Dungeon.
You worshipped Makhleb.
Makhleb was pleased with you.
You visited 2 branches of the dungeon, and saw 10 of its levels.

You collected 406 gold pieces.

Inventory:

Hand Weapons
 a - a +1 war axe (weapon)
Armour
 k - a +0 plate armour (worn)
   (You took it off an orc warrior on level 8 of the Dungeon)
 n - a +0 tower shield (worn)
   (You found it on level 5 of the Dungeon)
Jewellery
 f - a ring of protection from fire (right hand)
   (You found it on level 5 of the Dungeon)
 g - an amulet of faith (around neck)
   (You found it on level 4 of the Dungeon)
Scrolls
 e - a scroll of immolation
 j - 2 scrolls of magic mapping
 l - 2 scrolls of enchant weapon
 x - 3 scrolls of remove curse
Potions
 b - a potion of cancellation
 c - a potion of mutation
 d - 2 potions of lignification
 h - a potion of magic
 q - 3 potions of curing
 w - a potion of heal wounds


   Skills:
 * Level 8.3 Fighting
 * Level 7.2 Axes
 + Level 6.3 Armour
 + Level 6.9 Shields
 + Level 4.3 Invocations


You had 8 spell levels left.
You didn't know any spells.
Your spell library was empty.

Dungeon Overview and Level Annotations

Branches:
Dungeon (8/15)             Temple (1/1) D:5
   Lair: D:8-11

Altars:
Ashenzari
Cheibriados
Elyvilon
Gozag
Hepliaklqana
Makhleb
Okawaru
Qazlal
Ru
Sif Muna
Trog
Uskayaw
Wu Jian
Xom
Yredelemnul

Shops:
D:7 !   D:8 !

Annotations:
D:6 5 runed translucent doors


Innate Abilities, Weirdness & Mutations

You cannot be hasted, slowed, berserked, paralysed or teleported.
You can dig through walls and to a lower floor.
Your four strong arms can wield two-handed weapons with a shield.
You have a pair of large antennae on your head. (SInv)


Message History

You slash the killer bee! You slash the wight!
You feel sick. You block the killer bee's attack.
The killer bee stings you but does no damage.
You block the wight's attack. The sun demon barely misses you.
The cyclops hits you!
* * * LOW HITPOINT WARNING * * *
The killer bee stings you but does no damage.
The wight hits you with a +0 war axe.
* * * LOW HITPOINT WARNING * * *
You are too injured to fight recklessly!
You are too injured to fight recklessly!
You are too injured to fight recklessly!
You are too injured to fight recklessly!
You hit the killer bee.
The killer bee is severely wounded.
You closely miss the wight. You hit the wight. You hit the cyclops.
You hit the sun demon but do no damage.
You feel sick.
The white imp disappears in a puff of smoke!
You block the killer bee's attack. The sun demon hits you!!
You die...

####. #.....
.### ...... .#..
.#....### .....
#.......###.....
#....§..y....(..
......ZKyz......
#.....yzC3.....#
$....zWz@##.....
.#.....##y....#.
#..... V....#
....... ..(....
....... .......
....... .......
≈..< .......
......[


You could see a sun demon (summoned), a cyclops, a kobold demonologist, a
phantom, a vampire (invisible), 4 killer bees, 4 wights and a meliai zombie.

Vanquished Creatures
  A kobold demonologist (D:11)
  Sigmund (D:6)
  Menkaure (D:4)
  Duvessa (D:4)
  2 ice beasts
  3 orc warriors
  2 phantoms
  A big kobold (D:7)
  A wyvern zombie (D:5)
  3 bullfrogs
  Dowan (D:4)
  A scorpion (D:8)
  3 wights (D:7)
  A killer bee (D:11)
  3 bullfrog zombies
  A centaur zombie (D:6)
  An orc priest (D:4)
  A jelly (D:6)
  A gnoll shaman (D:6)
  5 orc wizards
  2 bullfrog skeletons
  2 iguanas
  3 worker ants
  8 adders
  A shadow imp (D:6)
  2 white imps
  3 ufetubi
  An adder skeleton (D:5)
  3 worms (D:3)
  2 dart slugs (D:2)
  4 leopard geckos
  13 orcs
  2 giant cockroaches
  7 goblins
  5 hobgoblins
  3 jackals (D:2)
  4 quokkas
  A ball python (D:3)
  4 bats
  2 frilled lizards
  A jackal skeleton (D:7)
  13 kobolds
  A leopard gecko skeleton (D:6)
  A quokka skeleton (D:7)
  8 rats
130 creatures vanquished.

Vanquished Creatures (others)
  A kobold (D:11)
  12 toadstools (D:2)
13 creatures vanquished.

Grand Total: 143 creatures vanquished

Notes
Turn   | Place    | Note
-------+----------+-------------------------------------------
     0 | D:1      | Flugslaktarn the Formicid Fighter began the quest for the
                  | Orb.
     0 | D:1      | Reached XP level 1. HP: 18/18 MP: 1/1
   222 | D:1      | Reached XP level 2. HP: 21/24 MP: 2/2
   407 | D:2      | Reached XP level 3. HP: 27/30 MP: 3/3
   530 | D:2      | Found a shattered altar of Ashenzari.
   581 | D:2      | Reached XP level 4. HP: 35/37 MP: 4/4
   632 | D:3      | Reached skill level 4 in Fighting
  1099 | D:3      | Found a faded altar of an unknown god.
  1103 | D:3      | Reached XP level 5. HP: 40/42 MP: 5/5
  1485 | D:4      | Noticed Menkaure
  1493 | D:4      | Killed Menkaure
  1493 | D:4      | Reached XP level 6. HP: 28/50 MP: 6/6
  1770 | D:4      | Reached skill level 5 in Fighting
  1832 | D:4      | Noticed Dowan
  1833 | D:4      | Noticed Duvessa
  1858 | D:4      | Killed Duvessa
  1858 | D:4      | Reached XP level 7. HP: 49/56 MP: 7/7
  1886 | D:4      | Killed Dowan
  1886 | D:4      | Reached skill level 5 in Shields
  2512 | D:5      | Entered Level 5 of the Dungeon
  2832 | D:5      | Found a staircase to the Ecumenical Temple.
  2854 | Temple   | Entered the Ecumenical Temple
  3030 | Temple   | Became a worshipper of Makhleb the Destroyer
  3899 | D:5      | Reached skill level 6 in Fighting
  3899 | D:5      | Reached skill level 5 in Axes
  4058 | D:5      | Reached skill level 5 in Armour
  4058 | D:5      | Reached skill level 1 in Invocations
  4058 | D:5      | Reached XP level 8. HP: 37/64 MP: 8/8
  4391 | D:6      | Noticed Sigmund
  4407 | D:6      | Killed Sigmund
  4688 | D:6      | Found the +9 staff of Olgreb {rPois∞}
  4701 | D:6      | Found a runed translucent gate.
  4702 | D:6      | Found a runed translucent door.
  4702 | D:6      | Found a runed translucent gate.
  4712 | D:6      | Found a runed translucent gate.
  4720 | D:6      | Found a runed translucent door.
  4785 | D:6      | Reached * piety under Makhleb
  4848 | D:6      | Reached skill level 7 in Fighting
  4930 | D:6      | Reached XP level 9. HP: 71/72 MP: 11/11
  5215 | D:7      | Found a shimmering altar of Xom.
  5375 | D:7      | Found a stormy altar of Qazlal.
  5467 | D:7      | Found a white marble altar of Elyvilon.
  5534 | D:7      | Reached ** piety under Makhleb
  5585 | D:7      | Found a basalt altar of Yredelemnul.
  5755 | D:7      | Found Lozayrei's Distillery.
  5774 | D:7      | Found an iron altar of Okawaru.
  5921 | D:8      | Found Ystrijea's Distillery.
  5951 | D:8      | Reached skill level 8 in Fighting
  6215 | D:8      | You fall into a shaft and drop 3 floors!
  6215 | D:11     | Noticed a kobold demonologist
  6215 | D:11     | Noticed a kobold demonologist
  6217 | D:11     | Noticed a cyclops
  6224 | D:11     | Noticed an ice devil
  6225 | D:11     | Noticed a sun demon
  6227 | D:11     | Killed a kobold demonologist
  6231 | D:11     | Mangled by a sun demon

Illustrated notes

Levels and vault maps discovered:
D:1:      dpeg_arrival_windows_large_door, layout_basic,
          minmay_tree_intersection
D:2:      layout_loops_ring, lemuel_crystal_altar, tgw_fedhas
D:3:      layout_rooms, chequers_ecumenical_altar_simple_redux
D:4:      layout_loops_ring, grunt_decor_fettered, uniq_menkaure, uniq_duvessa
D:5:      layout_basic, minmay_temple_entry_slanted
D:6:      minmay_chambers_of_threes, layout_basic,
          minmay_guarded_unrand_staff_of_olgreb, uniq_sigmund
D:7:      layout_basic, kennysheep_ying_yang, nicolae_qazlal_general_emergency,
          lemuel_round_altar, okawaru_gym_becter, serial_shops,
          nicolae_shop_crystal, chequers_serial_rivers_micro_d,
          kennysheep_generic_room_12
D:8:      cheibrodos_fzero, layout_loops_ring, tso_altar, zin_purify,
          erik_lair_dragon, serial_shops, shop, minmay_misc_feat_pillars
D:11:     layout_cave_pools, serial_rivers, chequers_serial_rivers_micro_c,
          chequers_serial_rivers_micro_c, chequers_serial_rivers_micro_c,
          chequers_serial_rivers_micro_a, chequers_serial_rivers_micro_e
Temple:   grunt_temple_mini_profane

Skill      XL: |  1  2  3  4  5  6  7  8  9 |
---------------+----------------------------+-----
Shields        | 4 5 6 |  6.9
Fighting       | 4 5 6 7 8 |  8.3
Axes           | 3 4 5 6 7 |  7.2
Armour         | 4 5 6 |  6.3
Invocations    | 1 2 4 |  4.3

Action                   |  1- 3 |  4- 6 |  7- 9 || total
-------------------------+-------+-------+-------++-------
Melee: War axe           |    65 |   106 |   306 ||   477
 Abil: Dig               |       |     1 |       ||     1
  Use: Scroll            |       |     8 |     7 ||    15
       Potion            |       |     3 |     1 ||     4
 Stab: Invisible         |       |       |     7 ||     7
Armor: Scale mail        |    41 |    38 |    19 ||    98
       Chain mail        |       |       |    94 ||    94
       Plate armour      |       |       |    23 ||    23
Dodge: Dodged            |    25 |    25 |    68 ||   118
Block: Kite shield       |    29 |    70 |    46 ||   145
       Tower shield      |       |       |   198 ||   198

Table legend: (Time is in decaauts)
 A = Elapsed time spent in this place.
 B = Non-inter-level travel time spent in this place.
 C = Inter-level travel time spent in this place.
 D = Time resting spent in this place.
 E = Time spent auto-exploring this place.
 F = Levels seen in this place.
 G = Mean time per level.
                   A        B        C        D        E       F      G
               +--------+--------+--------+--------+--------+-----+--------+
         Total |   6388 |   6212 |    176 |    519 |   4567 |  10 |  638.8 |
       Dungeon |   6185 |   6055 |    130 |    519 |   4413 |   9 |  687.2 |
        Temple |    202 |    156 |     46 |      0 |    154 |   1 |  202.0 |
               +--------+--------+--------+--------+--------+-----+--------+

Top non-repeatable levels by time:
     D:5: 1609 daAuts
     D:4: 1163 daAuts
     D:6: 929 daAuts
     D:3: 772 daAuts
     D:7: 737 daAuts
     D:1: 400 daAuts
     D:8: 301 daAuts
     D:2: 253 daAuts
  Temple: 202 daAuts
    D:11: 18 daAuts
